 Dungeon Crawl Stone Soup version 0.31-a0-214-gb37851dbb3 (webtiles) character file.

Game seed: 8337173952043890110

23 qw the Shooter (level 3, -1/20 HPs)
             Began as a Gargoyle Hexslinger on July 1, 2023.
             Frozen to death by an endoplasm (4 damage)
             ... on level 1 of the Dungeon.
             The game lasted 00:00:07 (384 turns).

qw the Shooter (Gargoyle Hexslinger)                 Turns: 384, Time: 00:00:08

Health: -1/20      AC:  5    Str: 11    XL:     3   Next: 0%
Magic:  4/4        EV: 12    Int: 13    God:
Gold:   71         SH:  0    Dex: 14    Spells: 3/4 levels left

rFire   . . .        g - +0 arbalest
rCold   . . .        (shield currently unavailable)
rNeg    + . .        c - +0 robe
rPois   inf          (no helmet)
rElec   +            (no cloak)
rCorr   .            (no gloves)
SInv    .            (no boots)
Will    .....        (no amulet)
Stlth   +            (no ring)
HPRegen 0.23/turn    (no ring)
MPRegen 0.09/turn

%: no passive effects
@: no status effects
A: sickness immunity, AC +3, negative energy resistance 1, electricity
resistance, torment resistance 1, petrification resistance
a: no special abilities


You were on level 1 of the Dungeon.
You visited 1 branch of the dungeon, and saw 1 of its levels.

You collected 71 gold pieces.


Innate Abilities, Weirdness & Mutations

You are immune to sickness and miasma.
Your stone body is resilient. (AC +3)
You are immune to poison.
You resist negative energy. (rN+)
You are resistant to electric shocks. (rElec)
You are resistant to unholy torment.
You are immune to petrification.


   Skills:
 + Level 1.2 Fighting
 - Level 3.3 Ranged Weapons
 - Level 1.5 Dodging
 - Level 1.0 Spellcasting
 - Level 2.6 Hexes


You had 3 spell levels left.
You knew the following spells:

 Your Spells              Type           Power      Damage    Failure   Level
a - Slow                  Hex            28%        N/A       10%         1

Your spell library contained the following spells:

 Spells                   Type           Power      Damage    Failure   Level
 Inner Flame              Hex/Fire       4%         N/A       43%         3
 Portal Projectile        Hex/Tloc       8%         N/A       43%         3
 Cause Fear               Hex            3%         N/A       67%         4

Inventory:

Hand Weapons
 g - a +0 arbalest (weapon)
Armour
 c - a +0 robe (worn)
 l - a +0 ring mail
Scrolls
 a - a scroll of teleportation {unknown}
 b - a scroll of poison
 i - 2 scrolls of enchant weapon {unknown}
 j - a scroll of blinking {unknown}
Potions
 d - a potion of resistance {unknown}
 e - 2 potions of ambrosia {unknown}
 f - a potion of degeneration {unknown}
 h - a potion of might {unknown}
 k - a potion of curing {unknown}
 m - a potion of enlightenment {unknown}

Dungeon Overview and Level Annotations

Branches:
Dungeon (1/15)

Altars:


Message History

You are frozen.
The giant cockroach misses you.
You shoot a bolt. The bolt hits the gnoll.
You kill the gnoll!
The endoplasm closely misses you.
The giant cockroach bites you but does no damage.
The endoplasm hits you but does no damage.
The giant cockroach bites you but does no damage.
Your Ranged Weapons skill increases to level 3!
You shoot a bolt.
The bolt hits the giant cockroach but does no damage.
The giant cockroach misses you. The endoplasm freezes you.
You are frozen.
The giant cockroach barely misses you. The endoplasm freezes you.
You are frozen.
You shoot a bolt.
The bolt closely misses the giant cockroach.
The giant cockroach bites you. The endoplasm barely misses you.
The giant cockroach misses you. The endoplasm freezes you.
You are frozen.
You shoot a bolt. The bolt hits the giant cockroach.
The giant cockroach is severely wounded.
The giant cockroach waves its antennae.
The giant cockroach bites you. The endoplasm barely misses you.
The giant cockroach bites you but does no damage.
You shoot a bolt. The bolt hits the giant cockroach!
You kill the giant cockroach!
The endoplasm barely misses you. The endoplasm freezes you.
You are frozen.
You have reached level 3!
Your experience leads to an increase in your attributes!
Increase (S)trength, (I)ntelligence, or (D)exterity?
You feel agile. x2
You shoot a bolt. The bolt barely misses the endoplasm.
The endoplasm hits you but does no damage.
The endoplasm freezes you.
You are frozen.
You die...

........#.%. ................
....... ........ #..
.........###.... #...# ........
#.....
####+###...######.........##....#
.......#........................#
.......#+#......)%..............)
................@J....#..........
......................#......###.
..................#####......###.
..................#####......#...
...............................##
.#......##.).................####
........#..............#####.....
##......#.........#...#...##.....
............##...#....+.....>....


You could see an endoplasm.

Vanquished Creatures
  A gnoll (D:1)
  A dart slug (D:1)
  4 endoplasms (D:1)
  A giant cockroach (D:1)
  A ball python (D:1)
  2 bats (D:1)
  A kobold (D:1)
  2 rats (D:1)
13 creatures vanquished.

Notes
Turn   | Place    | Note
-------+----------+-------------------------------------------
     0 | D:1      | qw the Gargoyle Hexslinger began the quest for the Orb.
     0 | D:1      | Reached XP level 1. HP: 12/12 MP: 2/2
     0 | D:1      | 0 ||| qw: Version: 0.3-a-32-g5962c71
     0 | D:1      | 0 ||| qw: Game counter: 7512
     0 | D:1      | 0 ||| qw: Melee chars always use a shield: true
     0 | D:1      | 0 ||| qw: God list: Okawaru
     0 | D:1      | 0 ||| qw: Allow faded altars: false
     0 | D:1      | 0 ||| qw: Do Orc after clearing Dungeon:15 true
     0 | D:1      | 0 ||| qw: Do second Lair branch before Depths: true
     0 | D:1      | 0 ||| qw: Lair rune preference: random
     0 | D:1      | 0 ||| qw: Goals: Normal
     0 | D:1      | 0 ||| PLANNING D:1-11
   158 | D:1      | 158 ||| SWAPPING to +0 arbalest.
   159 | D:1      | 159 ||| DROPPING +1 sling.
   212 | D:1      | Reached XP level 2. HP: 16/16 MP: 3/3
   380 | D:1      | Reached skill level 3 in Ranged Weapons
   383 | D:1      | HP: 2/16 [frozen (4)]
   384 | D:1      | Reached XP level 3. HP: 3/20 MP: 4/4
   384 | D:1      | Frozen to death by an endoplasm

Levels and vault maps discovered:
D:1:      shiori_arrival_maze, layout_basic

Skill      XL: |  1  2 |
---------------+-------+-----
Ranged Weapons | 3 |  3.3
Fighting       | |  1.2
Dodging        | |  1.5
Spellcasting   | |  1.0
Hexes          | |  2.6

Action                     || total
---------------------------++-------
   Fire: Sling             ||    10
         Arbalest          ||    16
 Armour: Robe              ||     6
  Dodge: Dodged            ||    16

Table legend:
 A = Non-vault XP
 B = Vault XP
 C = Vault XP percentage of total XP
 D = Non-vault monster count
 E = Vault monster count
 F = Vault count percentage of total count
                 A         B        C        D         E       F
            +---------+---------+-------+---------+---------+-------
      Total |      31 |       3 |   8.8 |      11 |       2 |  15.4
            +---------+---------+-------+---------+---------+-------
        D:1 |      31 |       3 |   8.8 |      11 |       2 |  15.4
            +---------+---------+-------+---------+---------+-------
